 Dungeon Crawl Stone Soup version 0.32-a0-699-g1ee5eff69a (webtiles) character file.

Game seed: 12500496964771880367

14 Alarak the Digger (level 2, 0/15 HPs)
             Began as a Gargoyle Earth Elementalist on Mar 14, 2024.
             Slain by a goblin
             ... wielding a +0 dagger
              (3 damage)
             ... on level 1 of the Dungeon.
             The game lasted 00:01:08 (232 turns).

Alarak the Digger (Gargoyle Earth Elementalist)      Turns: 232, Time: 00:01:08

Health: 0/15       AC:  4    Str: 11    XL:     2   Next: 41%
Magic:  1/5        EV: 11    Int: 15    God:
Gold:   12         SH:  0    Dex: 10    Spells: 5/6 levels left

rFire   . . .        f - +0 sling
rCold   . . .        (no shield)
rNeg    + . .        a - +0 robe
rPois   ∞            (no helmet)
rElec   +            (no cloak)
rCorr   .            (no gloves)
SInv    .            (no boots)
Will    .....        (no amulet)
Stlth   ++           (no ring)
HPRegen 0.22/turn    (no ring)
MPRegen 0.09/turn

%: no passive effects
@: no status effects
A: sickness immunity, AC +2, negative energy resistance 1, electricity
resistance, torment resistance 1, petrification resistance
a: no special abilities


You were on level 1 of the Dungeon.
You visited 1 branch of the dungeon, and saw 1 of its levels.

You collected 12 gold pieces.

Inventory:

Hand Weapons
 f - a +0 sling (weapon)
Missiles
 d - 5 stones
 e - 2 poisoned darts
Armour
 a - a +0 robe (worn)
Scrolls
 g - a scroll of identify
Potions
 b - a potion of magic
 c - a potion of heal wounds


   Skills:
 - Level 1.5 Dodging
 - Level 2.1 Stealth
 + Level 2.8 Spellcasting
 - Level 1.1 Conjurations
 - Level 3.6 Earth Magic


You had 5 spell levels left.
You knew the following spells:

 Your Spells              Type           Power      Damage    Failure   Level
a - Sandblast             Erth           26%        2d8       4%          1

Your spell library contained the following spells:

 Spells                   Type           Power      Damage    Failure   Level
 Passwall                 Erth           13%        N/A       14%         3
 Stone Arrow              Conj/Erth      18%        3d8       22%         3
 Brom's Barrelling Bould  Conj/Erth      9%         2d3       58%         4
 Petrify                  Alch/Erth      7%         N/A       67%         4


Dungeon Overview and Level Annotations

Branches:
Dungeon (1/15)

Altars:


Innate Abilities, Weirdness & Mutations

You are immune to sickness and miasma.
Your stone body is resilient. (AC +2)
You are immune to poison.
You resist negative energy. (rN+)
You are resistant to electric shocks. (rElec)
You are resistant to unholy torment.
You are immune to petrification.


Message History

Fire: f) +0 sling
Press: ? - help, Shift-Dir - straight line, f/p - jackal
Aim: a jackal (40% to hit)
You shoot a sling bullet.
The sling bullet hits the jackal but does no damage.
The bat hits you but does no damage.
The jackal bites you but does no damage.
The jackal bites you. The bat closely misses you.
The goblin hits you but does no damage. The jackal barely misses you.
The jackal misses you.
Fire: f) +0 sling
Press: ? - help, Shift-Dir - straight line, f/p - jackal
Aim: a jackal (40% to hit)
You shoot a sling bullet.
The sling bullet barely misses the jackal.
The bat misses you.
The jackal bites you but does no damage.
The jackal closely misses you. The goblin barely misses you.
The bat hits you but does no damage. The jackal barely misses you.
The jackal bites you.
* * * LOW HITPOINT WARNING * * *
The goblin closely misses you.
Unknown command.
Fire: f) +0 sling
Press: ? - help, Shift-Dir - straight line, f/p - jackal
Aim: a jackal (40% to hit)
You shoot a sling bullet.
The sling bullet closely misses the jackal.
The bat hits you but does no damage. The jackal closely misses you.
The jackal barely misses you. The goblin barely misses you.
The jackal closely misses you. The jackal bites you.
* * * LOW HITPOINT WARNING * * *
The bat barely misses you.
As you read the scroll labelled QOUDGH GAIREIPHU, it crumbles to dust.
It is a scroll of identify.
c - a potion of heal wounds The bat hits you but does no damage.
The jackal bites you.
* * * LOW HITPOINT WARNING * * *
The jackal misses you. The goblin hits you with a +0 dagger.
You die...

##### #....#....
#...# #....#.... .
#...# #....###.. ..
#...#####.........
..
#.†..........####.
.. #....####....# #.
####. #....# .....#
#. ......#b...#
..#.#.# #.
...!..h@...##.##.#.#
#. ......h.g......
.#.# ..
#########..##.# .#
.>... # ## .......
######


You could see 2 jackals, a goblin and a bat.

Vanquished Creatures
  A dart slug (D:1)
  2 ball pythons (D:1)
  2 endoplasms (D:1)
  A goblin (D:1)
  2 jackals (D:1)
  A kobold (D:1)
  A bat (D:1)
10 creatures vanquished.

Notes
Turn   | Place    | Note
-------+----------+-------------------------------------------
     0 | D:1      | Alarak the Gargoyle Earth Elementalist began the quest for
                  | the Orb.
     0 | D:1      | Reached XP level 1. HP: 10/10 MP: 3/3
   160 | D:1      | Reached XP level 2. HP: 15/15 MP: 3/5
   232 | D:1      | Slain by a goblin

Illustrated notes

Levels and vault maps discovered:
D:1:      onia_arrival_mini_spirals, layout_basic

Action                     || total
---------------------------++-------
   Fire: Sling             ||    16
   Cast: Sandblast         ||    11
    Use: Scroll            ||     1
 Armour: Robe              ||    51
  Dodge: Dodged            ||    48

Table legend: (Time is in decaauts)
 A = Elapsed time spent in this place.
 B = Non-inter-level travel time spent in this place.
 C = Inter-level travel time spent in this place.
 D = Time resting spent in this place.
 E = Time spent auto-exploring this place.
 F = Levels seen in this place.
 G = Mean time per level.
                   A        B        C        D        E       F      G
               +--------+--------+--------+--------+--------+-----+--------+
         Total |    243 |    223 |     20 |      0 |    161 |   1 |  243.0 |
       Dungeon |    243 |    223 |     20 |      0 |    161 |   1 |  243.0 |
               +--------+--------+--------+--------+--------+-----+--------+

Top non-repeatable levels by time:
     D:1: 243 daAuts
